 Dungeon Crawl Stone Soup version 0.29-a0-822-ga620ab95ad (webtiles) character file.

Game seed: 18118387554445675118

63 27snakeeyes612 the Trooper (level 4, -1/37 HPs)
             Began as a Barachi Fighter on July 8, 2022.
             Killed by divine providence
             ... invoked by an orc priest
              (16 damage)
             ... on level 3 of the Dungeon.
             The game lasted 00:01:57 (2284 turns).

27snakeeyes612 the Trooper (Barachi Fighter)        Turns: 2284, Time: 00:01:58

Health: -1/37      AC:  8    Str: 20    XL:     4   Next: 9%
Magic:  4/4        EV:  9    Int:  8    God:
Gold:   205        SH:  4    Dex: 11    Spells: 3/3 levels left

rFire   . . .      SeeInvis .   a - +1 war axe
rCold   . . .      Faith    .   c - +0 buckler
rNeg    . . .      Spirit   .   b - +1 scale mail
rPois   .          Reflect  .   (no helmet)
rElec   .          Harm     .   (no cloak)
rCorr   .          Rampage  .   (no gloves)
Will    .....                   (no boots)
Stlth   ..........              (no amulet)
HPRegen 0.12/turn               (no ring)
MPRegen 0.09/turn               (no ring)

@: slow
A: amphibious, slowness 1, strong legs 1, +LOS
a: Hop


You were on level 3 of the Dungeon.
You visited 1 branch of the dungeon, and saw 3 of its levels.

You collected 205 gold pieces.

Inventory:

Hand Weapons
 a - a +1 war axe (weapon)
 g - a +2 whip of draining
Missiles
 e - 65 stones
Armour
 b - a +1 scale mail (worn)
 c - a +0 buckler (worn)
Wands
 i - a wand of light (9)
Scrolls
 l - 2 scrolls of teleportation
Potions
 d - a potion of might
 f - 3 potions of degeneration
 h - a potion of attraction {unknown}
 j - 2 potions of flight {unknown}
 m - 2 potions of brilliance {unknown}
 q - a potion of curing {unknown}


   Skills:
 + Level 4.3 Fighting
 + Level 3.0 Axes
 + Level 4.2 Armour
 + Level 3.8 Shields


You had 3 spell levels left.
You didn't know any spells.
Your spell library was empty.

Dungeon Overview and Level Annotations

Branches:
Dungeon (3/15)

Altars:
Sif Muna


Innate Abilities, Weirdness & Mutations

You are amphibious.
You cover ground slowly.
You can hop short distances.
You have an extended range of vision and can be seen from far away.


Message History

An orc comes into view. It is wielding a +0 dagger.
The orc shouts!
The quokka bites you.
An orc priest comes into view. It is wielding a +0 dagger.
The quokka bites you but does no damage.
There is a stone staircase leading down, spattered with blood here.
The orc priest shouts!
You slash the quokka!
You kill the quokka!
An orc comes into view. It is wielding a +0 hand axe.
A quokka comes into view.
A goblin and an orc come into view.
The goblin shouts!
The orc shouts! x2; You hear a shout!
An orc comes into view. It is wielding a +0 dagger of venom.
You barely miss the orc.
The orc priest invokes the aid of Beogh against you.
Beogh smites you! The orc hits you but does no damage.
You hit the orc but do no damage. The orc hits you but does no damage.
You block the orc's attack.
You slash the orc!
You kill the orc!
You closely miss the goblin. You barely miss the orc.
The goblin hits you with a +0 club.
You barely miss the orc priest. You hit the goblin.
You kill the goblin!
You hit the orc. The orc hits you but does no damage.
The orc priest calls upon Beogh to heal the orc.
The orc's wounds heal themselves!
The quokka twitches its whiskers.
The orc hits you but does no damage.
The orc priest hits you with a +0 dagger.
The orc hits you but does no damage.
You barely miss the orc priest. You barely miss the orc. You slash the orc!
You kill the orc!
You slash the quokka!
You kill the quokka!
The orc hits you with a +0 hand axe.
The orc priest invokes the aid of Beogh against you.
Beogh smites you!
You die...

#.# #.# #.#
#.# . #.#
#.# .. #.#
#.# ... #.#
##.#####....
#.#
#...........
#####.#
#.>.........
#.....#
#.†........#
####
##.##..#
#..@o......#
#... #.###.#
###)o.######
#... #.# .#
#o..# #...
#.# .+ #...+
+... #.# ##
#...# #...
#.# #...#
#... #.#
#.... #...
#.# #.....
..... #.####
#.....
......


You could see an orc priest and 2 orcs.

Vanquished Creatures
  An adder (D:2)
  A dart slug (D:1)
  3 orcs (D:3)
  6 ball pythons
  2 bats
  5 endoplasms
  A giant cockroach (D:1)
  7 goblins
  4 jackals
  4 kobolds
  4 quokkas
  3 frilled lizards (D:2)
  6 rats
47 creatures vanquished.

Vanquished Creatures (collateral kills)
  A rat (D:3)
1 creature vanquished.

Vanquished Creatures (others)
  13 plants (D:2)
13 creatures vanquished.

Grand Total: 61 creatures vanquished

Notes
Turn   | Place    | Note
-------+----------+-------------------------------------------
     0 | D:1      | 27snakeeyes612 the Barachi Fighter began the quest for the
                  | Orb.
     0 | D:1      | Reached XP level 1. HP: 18/18 MP: 1/1
   415 | D:1      | Reached XP level 2. HP: 19/25 MP: 2/2
   955 | D:2      | Found a faded altar of an unknown god.
   975 | D:2      | Reached XP level 3. HP: 28/30 MP: 3/3
  1742 | D:2      | Found a shimmering blue altar of Sif Muna.
  1941 | D:3      | Reached XP level 4. HP: 36/37 MP: 4/4
  2284 | D:3      | Killed from afar by an orc priest

Illustrated notes

Levels and vault maps discovered:
D:1:      minmay_arrival_shattered_statue, layout_basic,
          minmay_misc_feat_ornament
D:2:      layout_loops_ring, basic_altar, nicolae_ecumenical_pavilion,
          serial_bayou_lagoon_b
D:3:      kennysheep_the_goblin_king, layout_basic, nrook_mini_backslash,
          grunt_decor_fettered, dk_vineyard_2

Skill      XL: |  1  2  3  4 |
---------------+-------------+-----
Fighting       | 4 |  4.3
Armour         | 4 |  4.2
Axes           | 3 |  3.0
Shields        | |  3.8

Action                   |  1- 3 |  4- 6 || total
-------------------------+-------+-------++-------
Melee: War axe           |    96 |     7 ||   103
 Abil: Hop               |     1 |       ||     1
  Use: Scroll            |     2 |     6 ||     8
Armor: Scale mail        |    39 |     6 ||    45
Dodge: Dodged            |    38 |       ||    38
Block: Buckler           |    23 |     1 ||    24

Table legend: (Time is in decaauts)
 A = Elapsed time spent in this place.
 B = Non-inter-level travel time spent in this place.
 C = Inter-level travel time spent in this place.
 D = Time resting spent in this place.
 E = Time spent auto-exploring this place.
 F = Levels seen in this place.
 G = Mean time per level.
                   A        B        C        D        E       F      G
               +--------+--------+--------+--------+--------+-----+--------+
         Total |   2601 |   2525 |     76 |    164 |   2002 |   3 |  867.0 |
       Dungeon |   2601 |   2525 |     76 |    164 |   2002 |   3 |  867.0 |
               +--------+--------+--------+--------+--------+-----+--------+

Top non-repeatable levels by time:
     D:1: 1070 daAuts
     D:2: 1032 daAuts
     D:3: 498 daAuts
